 Dungeon Crawl Stone Soup version 0.26.1-2-gb8aa6d0cf2 (webtiles) character file.

Game seed: 17413208691801222820

5796 MajorAdolf the Skirmisher (level 10, -1/94 HPs)
             Began as a Naga Wanderer on Mar 5, 2021.
             Slain by a two-headed ogre
             ... wielding a +0 giant spiked club
              (21 damage)
             ... on level 9 of the Dungeon on Mar 6, 2021.
             The game lasted 00:25:19 (17096 turns).

MajorAdolf the Skirmisher (Naga Wanderer)          Turns: 17096, Time: 00:25:20

Health: -1/94      AC:  9    Str: 16    XL:     10   Next: 79%
Magic:  10/10      EV: 12    Int: 15    God:
Gold:   727        SH:  0    Dex: 12    Spells: 9/9 levels left

rFire    . . .     SeeInvis +   i - +1 broad axe (curse)
rCold    + + .     Faith    .   (no shield)
rNeg     . . .     Spirit   .   w - +1 robe of Complete Protection {rC+ Dex+2 Slay+2}
rPois    +         Reflect  .   F - +0 helmet
rElec    .         Harm     .   k - +1 cloak
rCorr    +         Rampage  .   (no gloves)
Will     +....                  (no barding)
Stlth    ++........             (no amulet)
HPRegen  0.00/turn              e - ring of resist corrosion
MPRegen  0.12/turn              I - ring of see invisible

@: hasted, quick
A: large, stinger 1, see invisible, cold resistance 1, deformed body, poison
resistance, slowness 2, inhibited regeneration, spit poison 1, AC +3
a: Spit Poison


You were on level 9 of the Dungeon.
You visited 1 branch of the dungeon, and saw 9 of its levels.
You also visited: Bailey.

You collected 727 gold pieces.

Inventory:

Hand Weapons
 i - a cursed +1 broad axe (weapon)
Armour
 f - a +2 robe of willpower
 k - a +1 cloak (worn)
 w - the +1 robe of Complete Protection (worn) {rC+ Dex+2 Slay+2}
   (You found it on level 5 of the Dungeon)

   It affects your dexterity (+2).
   It affects your accuracy and damage with ranged weapons and melee attacks
   (+2).
   It protects you from cold.
 F - a +0 helmet (worn)
Magical Staves
 x - an uncursed staff of poison
Jewellery
 e - a ring of resist corrosion (left hand)
 I - a ring of see invisible (right hand)
 J - an uncursed ring of willpower {unknown}
Scrolls
 a - a scroll of teleportation
 u - a scroll of amnesia
 v - 3 scrolls of identify
 y - 2 scrolls of remove curse
 z - 3 scrolls of fog
 A - a scroll of enchant armour
 E - a scroll of vulnerability {unknown}
 L - a scroll of holy word {unknown}
 M - a scroll of random uselessness {unknown}
Potions
 c - 4 potions of curing
 g - a potion of invisibility {unknown}
 j - a potion of haste
 l - 4 potions of mutation
 m - 2 potions of brilliance
 o - 3 potions of might {unknown}
 p - 2 potions of ambrosia {unknown}
 q - 4 potions of flight
 r - a potion of magic {unknown}
 s - 2 potions of cancellation {unknown}
 D - a potion of degeneration {unknown}


   Skills:
 + Level 7.6 Fighting
 - Level 1.0 Short Blades
 + Level 6.4 Axes
 - Level 2.0 Staves
 + Level 5.2 Armour
 + Level 5.3 Dodging
 - Level 1.5 Stealth
 + Level 5.5 Shields
 + Level 6.3 Evocations


You had 9 spell levels left.
You didn't know any spells.
Your spell library was empty.

Dungeon Overview and Level Annotations

Branches:
Dungeon (9/15)             Temple (0/1) D:6            Lair (0/6) D:9
 Bailey (visited)
    Orc: D:9-12

Altars:
Ashenzari
Dithmenos
Elyvilon
Trog
Uskayaw
Yredelemnul
Zin
The Shining One

Shops:
D:5 [}   D:6 (


Innate Abilities, Weirdness & Mutations

You cannot wear boots.
Your serpentine skin is tough. (AC +3)
You have supernaturally acute eyesight. (SInv)
Armour fits poorly on your strangely shaped body.
Your system is resistant to poisons. (rPois)
You cover ground very slowly.
You can spit poison.
Your tail ends in a poisonous barb.
Your flesh is cold resistant. (rC+)
You do not regenerate when monsters are visible.


Message History

Unknown command.
Okay, then.
Okay, then.
You feel yourself speed up.
The two-headed ogre hits you with a +0 giant spiked club!
The two-headed ogre barely misses you.
Unknown command.
You barely miss the two-headed ogre.
The two-headed ogre is lightly wounded.
The two-headed ogre hits you with a +0 giant spiked club.
The two-headed ogre hits you with a +0 giant spiked club!!
* * * LOW HITPOINT WARNING * * *
Unknown command.
You hit the two-headed ogre.
The two-headed ogre is lightly wounded.
Unknown command.
You hit the two-headed ogre but do no damage.
The two-headed ogre is lightly wounded.
The two-headed ogre hits you with a +0 giant spiked club!!
You die...

..............#.......#..#,*,,,,*
..............##..........,,,,,,,
.....)....................,,,,,,,
.....#.........#.#.#.#....,,,,,,,
#########.................,,,,,,,
# ###.#.(#.#.#.#....,,,,,,, #
#.#))........#..,,,,,,, #
#.#<)#)#.#.#....,,,,,,, #
#.#[.†@O........,,,,,,, ######**
#.#..#.#.#.#...$,,*,*,, .......*
#.#............#,,,,,,, ≈≈≈≈≈≈.#
*#.##............,,*,*,,
#####≈.###.,....##........,,,,,,*
#..=#≈....,...............,,,,,,,
#.∩.#≈..##)......#..#.....*,,,,,*
#...#≈...........#..#...*,,,,**,,
##)##≈.###....#.,,,,*,,,***,,,**,


You could see a two-headed ogre.

Vanquished Creatures
  Pikel (D:7)
  An orc knight (Bailey)
  A komodo dragon (D:8)
  Prince Ribbit (D:7)
  Sigmund (D:4)
  Duvessa (D:7)
  5 orc warriors
  3 ice beasts
  2 sky beasts
  A black bear (D:4)
  6 ogres
  7 centaurs
  3 big kobolds
  3 bullfrogs (D:8)
  A gnoll sergeant (D:8)
  Dowan (D:7)
  A water moccasin zombie (D:5)
  A water moccasin skeleton (D:8)
  A scorpion (D:7)
  3 wights
  3 jellies
  2 centaur zombies
  7 orc priests
  4 hounds
  8 orc wizards
  3 bullfrog skeletons
  An iguana (D:4)
  7 worker ants
  2 worker ant zombies
  6 gnolls
  12 adders
  2 white imps
  3 oozes
  3 adder skeletons
  3 worms
  3 dart slugs
  5 leopard geckos
  34 orcs
  4 ball pythons
  7 bats
  4 giant cockroaches
  11 goblins
  12 hobgoblins
  2 jackals (D:4)
  27 kobolds
  7 quokkas
  8 frilled lizards
  A giant cockroach zombie (D:5)
  A leopard gecko skeleton (D:8)
  A leopard gecko zombie (D:5)
  A quokka skeleton (D:4)
  10 rats
248 creatures vanquished.

Vanquished Creatures (others)
  A plant (D:1)
1 creature vanquished.

Grand Total: 249 creatures vanquished

Notes
Turn   | Place    | Note
-------+----------+-------------------------------------------
     0 | D:1      | MajorAdolf the Naga Wanderer began the quest for the Orb.
     0 | D:1      | MajorAdolf set off with the following items: a +0
                  | quarterstaff, a +2 leather armour, a potion of curing
     0 | D:1      | Reached XP level 1. HP: 22/22 MP: 1/1
   317 | D:1      | Reached XP level 2. HP: 21/30 MP: 2/2
   831 | D:1      | Reached XP level 3. HP: 34/36 MP: 3/3
  1075 | D:2      | Reached skill level 1 in Axes
  1508 | D:2      | Reached skill level 1 in Evocations
  1675 | D:2      | Reached skill level 1 in Armour
  1680 | D:2      | Reached XP level 4. HP: 37/44 MP: 4/4
  3128 | D:3      | Found a shadowy altar of Dithmenos.
  3374 | D:3      | Found a glowing golden altar of the Shining One.
  3595 | D:4      | Gained mutation: Your tail ends in a poisonous barb.
                  | [potion of mutation]
  3595 | D:4      | Gained mutation: You do not regenerate when monsters are
                  | visible. [potion of mutation]
  3595 | D:4      | Gained mutation: Your flesh is cold resistant. (rC+)
                  | [potion of mutation]
  3631 | D:4      | Reached XP level 5. HP: 15/51 MP: 5/5
  3950 | D:4      | Noticed a black bear
  3960 | D:4      | Killed a black bear
  4076 | D:4      | Reached XP level 6. HP: 58/58 MP: 6/6
  4105 | D:4      | Found a bloodstained altar of Trog.
  4214 | D:4      | Noticed Sigmund
  4677 | D:4      | Found a bloodstained altar of Trog.
  4799 | D:4      | Killed Sigmund
  4800 | D:4      | Reached skill level 5 in Fighting
  4800 | D:4      | Reached XP level 7. HP: 45/67 MP: 7/7
  5297 | D:4      | Found a basalt altar of Yredelemnul.
  5321 | D:5      | Entered Level 5 of the Dungeon
  5341 | D:5      | Got a brightly glowing robe
  5360 | D:5      | Identified the +1 robe of Complete Protection {rC+ Dex+2
                  | Slay+2} (You found it on level 5 of the Dungeon)
  5755 | D:5      | Reached XP level 8. HP: 29/74 MP: 8/8
  6524 | D:5      | Found Lyr Waff's Gadget Shop.
  6822 | D:5      | Found Eddaas's Antique Armour Shoppe.
  7360 | D:5      | Found a hide-covered altar of Uskayaw.
  8217 | D:6      | Found Jiphia Huna's Antique Weapon Emporium.
  8839 | D:5      | Reached XP level 9. HP: 73/82 MP: 9/9
  9123 | D:6      | Found a glowing silver altar of Zin.
  9355 | D:6      | Reached skill level 6 in Fighting
  9541 | D:6      | Found a staircase to the Ecumenical Temple.
 10839 | D:7      | Found a broken altar of Ashenzari.
 11597 | D:7      | Noticed Dowan
 11910 | D:6      | Reached skill level 5 in Evocations
 12616 | D:7      | Reached skill level 5 in Axes
 12725 | D:7      | Noticed Pikel
 12739 | D:7      | Killed Pikel
 13011 | D:7      | Noticed Prince Ribbit
 13019 | D:7      | Killed Prince Ribbit
 13275 | D:7      | Noticed Duvessa
 13293 | D:7      | Killed Duvessa
 13294 | D:7      | Reached XP level 10. HP: 70/92 MP: 10/10
 13307 | D:7      | Killed Dowan
 13645 | D:8      | Reached skill level 7 in Fighting
 13981 | D:8      | Reached skill level 5 in Shields
 15009 | D:8      | Found a white marble altar of Elyvilon.
 15153 | D:8      | Reached skill level 5 in Dodging
 15199 | D:9      | Reached skill level 5 in Armour
 15239 | D:9      | Found a flagged portal.
 15244 | Bailey   | Entered a bailey
 15664 | Bailey   | Noticed an orc knight
 15800 | Bailey   | Killed an orc knight
 17085 | D:9      | Noticed a two-headed ogre
 17096 | D:9      | Slain by a two-headed ogre

Illustrated notes

Levels and vault maps discovered:
D:1:      giann_horns, layout_basic, serial_bayou_crossing
D:2:      minmay_evil_eye, layout_loops_corners
D:3:      layout_loops_ring, grunt_dithmenos_smoke, nicolae_tso_carved_into_rock
D:4:      layout_basic, lemuel_coloured_pillars_altar, bloody_trog, st_stairs_6,
          trog_butcher_becter, uniq_sigmund
D:5:      minmay_recursive_quarters, layout_basic, basic_altar, serial_shops,
          shop, minmay_shop_grid_forest, minmay_chambers_of_fives
D:6:      layout_layer_cave, zin_scriptorium, minmay_temple_entry_fiery,
          serial_shops, shop
D:7:      layout_cave_pods, overflow_temple_1_default, uniq_duvessa, uniq_pikel,
          uniq_prince_ribbit1
D:8:      layout_basic, kennysheep_mini_moat
D:9:      layout_rooms, nicolae_overflow_crystal_walls,
          nicolae_overflow_hidden_temple, erik_lair_dragon, serial_glass,
          glass_columns_a, glass_columns_a, glass_columns_b, glass_columns_a,
          glass_columns_b, glass_columns_b, glass_columns_c, glass_columns_b,
          enter_bailey_3, minivault_25

Skill      XL: |  1  2  3  4  5  6  7  8  9 10 |
---------------+-------------------------------+-----
Axes           | 1 2 3 4 5 6 |  6.4
Evocations     | 1 2 3 4 5 6 |  6.3
Armour         | 1 2 3 4 5 |  5.2
Shields        | 2 3 4 5 |  5.5
Dodging        | 2 3 4 5 |  5.3
Fighting       | 5 6 7 |  7.6
Short Blades   | |  1.0
Staves         | |  2.0
Stealth        | |  1.5

Action                   |  1- 3 |  4- 6 |  7- 9 | 10-12 || total
-------------------------+-------+-------+-------+-------++-------
Melee: Quarterstaff      |    76 |   171 |   275 |   191 ||   713
       Tailslap          |       |     8 |    42 |    27 ||    77
       Scythe            |       |       |    17 |       ||    17
       Broad axe         |       |       |       |    48 ||    48
 Abil: Spit Poison       |    17 |    17 |    24 |    30 ||    88
Evoke: Wand              |       |       |       |     7 ||     7
  Use: Scroll            |       |    13 |     2 |     7 ||    22
       Potion            |       |     5 |     4 |     2 ||    11
 Stab: Sleeping          |       |       |     2 |       ||     2
       Paralysed         |       |       |       |    21 ||    21
Armor: Leather armour    |    11 |       |       |       ||    11
       Chain mail        |    44 |    96 |    15 |       ||   155
       Robe              |       |       |   107 |   124 ||   231
       Plate armour      |       |       |     3 |       ||     3
Dodge: Dodged            |    28 |    44 |   218 |   221 ||   511
